 Dungeon Crawl Stone Soup version 0.30-a0-634-g8abc85282e (webtiles) character file.

Game seed: 13996456350799466315

225 bmack86 the Chopper (level 5, -3/47 HPs)
             Began as a Minotaur Fighter on Jan 15, 2023.
             Slain by an iguana (11 damage)
             ... on level 6 of the Dungeon.
             The game lasted 00:05:52 (1853 turns).

bmack86 the Chopper (Minotaur Fighter)              Turns: 1853, Time: 00:05:53

Health: -3/47      AC:  7    Str: 22    XL:     5   Next: 68%
Magic:  4/4        EV:  9    Int:  5    God:
Gold:   131        SH:  4    Dex: 10    Spells: 4/4 levels left

rFire   . . .      SeeInvis .    a - +0 war axe
rCold   . . .      Faith    .    c - +0 buckler
rNeg    . . .      Spirit   .    b - +0 scale mail
rPois   .          Reflect  .    (helmet restricted)
rElec   .          Harm     .    (no cloak)
rCorr   .          Rampage  .    (no gloves)
Will    .....                    (no boots) Stlth
                                 (no amulet)
HPRegen 0.27/turn                (no ring)
MPRegen 0.09/turn                (no ring)

@: no status effects
A: horns 2, retaliatory headbutt
a: no special abilities


You were on level 6 of the Dungeon.
You visited 1 branch of the dungeon, and saw 4 of its levels.

You collected 131 gold pieces.

Inventory:

Hand Weapons
 a - a +0 war axe (weapon)
 k - a +0 war axe
Missiles
 i - 14 poisoned darts (quivered)
 l - 5 javelins
Armour
 b - a +0 scale mail (worn)
 c - a +0 buckler (worn)
Scrolls
 j - a scroll of vulnerability {unknown}
 m - a scroll of brand weapon {unknown}
 n - a scroll of torment {unknown}
 o - a scroll of teleportation {unknown}
 p - 2 scrolls of blinking {unknown}
 q - a scroll of fear {unknown}
 r - a scroll of immolation {unknown}
 s - a scroll of identify
Potions
 d - 2 potions of might
 e - 2 potions of resistance
 f - 4 potions of curing
 g - a potion of berserk rage {unknown}
 h - a potion of mutation {unknown}
 t - a potion of flight {unknown}


   Skills:
 + Level 4.5 Fighting
 * Level 4.6 Axes
 + Level 1.8 Throwing
 + Level 4.6 Armour
 + Level 4.5 Shields


You had 4 spell levels left.
You didn't know any spells.
Your spell library contained the following spells:

 Spells                   Type           Power      Damage    Failure   Level
 Inner Flame              Hex/Fire       0%         N/A       99%         3
 Cause Fear               Hex            0%         N/A       100%        4
 Discord                  Hex            0%         N/A       100%        8


Dungeon Overview and Level Annotations

Branches:
Dungeon (3/15)

Altars:
Qazlal


Innate Abilities, Weirdness & Mutations

You have a pair of horns on your head.
You reflexively headbutt those who attack you in melee.


Message History

You open the door.
There is an open door here.
You open the door.
There is an open door here.
There is an open door here.
You open the door.
A hound and an iguana come into view.
The iguana hisses angrily.
Found a stone staircase leading down.
There are monsters nearby!
There is an open door here.
The hound bites you but does no damage.
You closely miss the hound. Your headbutt misses the hound.
You block the hound's attack. The hound barely misses you.
You furiously retaliate!
You headbutt the hound! The iguana bites you!
You slash the hound!
The hound is almost dead.
You hit the iguana but do no damage. The hound closely misses you.
You furiously retaliate!
You headbutt the hound!
You kill the hound!
The iguana bites you. The iguana barely misses you.
You see here a hound corpse.
The iguana bites you but does no damage.
The iguana bites you.
You completely miss the iguana. The iguana barely misses you.
You hit the iguana but do no damage. The iguana bites you! x2
* * * LOW HITPOINT WARNING * * *
You hit the iguana.
The iguana is lightly wounded.
The iguana hisses menacingly.
The iguana bites you.
* * * LOW HITPOINT WARNING * * *
You hit the iguana but do no damage.
The iguana is lightly wounded.
The iguana misses you.
You slash the iguana!
The iguana is almost dead.
The iguana bites you!
You die...

........................#
........................#
........................#
........................#
........................#
....##+#####+##'#########
.... ...........# ....
.......†l..# ...
........@..# ##.........#
#.>.......# ...........#
##...##..### #... #..#
#... .... +.. ....


You could see an iguana.

Vanquished Creatures
  A centaur (D:6)
  A hound (D:6)
  4 adders
  2 worms (D:2)
  5 orcs (D:2)
  2 ball pythons
  7 bats
  7 endoplasms
  2 giant cockroaches
  7 goblins
  5 hobgoblins
  4 quokkas
  3 frilled lizards
  7 kobolds
  6 rats
63 creatures vanquished.

Notes
Turn   | Place    | Note
-------+----------+-------------------------------------------
     0 | D:1      | bmack86 the Minotaur Fighter began the quest for the Orb.
     0 | D:1      | Reached XP level 1. HP: 19/19 MP: 0/0
   116 | D:1      | Reached XP level 2. HP: 27/27 MP: 1/1
   728 | D:2      | Reached XP level 3. HP: 33/33 MP: 2/2
  1029 | D:2      | Reached XP level 4. HP: 36/40 MP: 3/3
  1256 | D:3      | Reached skill level 1 in Throwing
  1261 | D:3      | Noticed a fire elemental
  1265 | D:3      | Found a stormy altar of Qazlal.
  1299 | D:3      | Noticed a water elemental
  1309 | D:3      | Noticed an air elemental
  1309 | D:3      | Noticed an earth elemental
  1612 | D:3      | You fall into a shaft and drop 3 floors!
  1624 | D:6      | Noticed a centaur
  1639 | D:6      | Killed a centaur
  1640 | D:6      | Reached XP level 5. HP: 6/47 MP: 4/4
  1853 | D:6      | Slain by an iguana

Illustrated notes

Levels and vault maps discovered:
D:1:      nzn_arrival_depleted_hourglass, layout_loops_cross,
          minmay_fountain_box
D:2:      layout_rooms
D:3:      layout_basic, nicolae_qazlal_style_of_elements, minmay_misc_feat_roman
D:6:      layout_gridville, kennysheep_small_square

Skill      XL: |  1  2  3  4 |
---------------+-------------+-----
Axes           | 3 4 |  4.6
Armour         | 4 |  4.6
Fighting       | 4 |  4.5
Shields        | 4 |  4.5
Throwing       | 1 |  1.8

Action                   |  1- 3 |  4- 6 || total
-------------------------+-------+-------++-------
Melee: War axe           |    77 |    58 ||   135
       Headbutt          |    10 |     3 ||    13
  Use: Scroll            |     1 |     1 ||     2
Armor: Scale mail        |    57 |    40 ||    97
Dodge: Dodged            |    39 |    28 ||    67
Block: Buckler           |    27 |    17 ||    44

Table legend: (Time is in decaauts)
 A = Elapsed time spent in this place.
 B = Non-inter-level travel time spent in this place.
 C = Inter-level travel time spent in this place.
 D = Time resting spent in this place.
 E = Time spent auto-exploring this place.
 F = Levels seen in this place.
 G = Mean time per level.
                   A        B        C        D        E       F      G
               +--------+--------+--------+--------+--------+-----+--------+
         Total |   1900 |   1824 |     76 |    147 |    864 |   4 |  475.0 |
       Dungeon |   1900 |   1824 |     76 |    147 |    864 |   4 |  475.0 |
               +--------+--------+--------+--------+--------+-----+--------+

Top non-repeatable levels by time:
     D:1: 692 daAuts
     D:2: 547 daAuts
     D:3: 417 daAuts
     D:6: 243 daAuts
